| TOP OF THE 1ST |
|
Chicago White Sox batting - Pitching for Tampa Bay Rays : RHP Kevin Murray
|
|
Pitching: RHP Kevin Murray
|
|
|
Batting: RHB Glen Wilkins
|
0-0: DOUBLE (Line Drive, 7LM, EV 102.5 MPH)
|
|
Batting: LHB Jace Peterson
|
0-0: Called Strike 0-1: Ball 1-1: Foul Ball, location: 2F 1-2: Strikes out looking
|
|
Batting: LHB António García
|
0-0: Foul Ball, location: 2F 0-1: Called Strike 0-2: Strikes out swinging
|
|
Batting: LHB Ji-man Choi
|
0-0: Swinging Strike 0-1: Foul Ball, location: 5F 0-2: Ball 1-2: Ball Wild Pitch! Glen Wilkins to third 2-2: Foul Ball, location: 2LF 2-2: Fly out, F7 (Line Drive, 7S, EV 90.0 MPH)
|
| Top of the 1st over - 0 runs, 1 hit, 0 errors, 1 left on base; Chicago 0 - Tampa Bay 0 |
| BOTTOM OF THE 1ST |
|
Tampa Bay Rays batting - Pitching for Chicago White Sox : RHP Chris Fletcher
|
|
Pitching: RHP Chris Fletcher
|
|
|
Batting: RHB Ismael Ramírez
|
0-0: Ball 1-0: Called Strike 1-1: Ball 2-1: Ball 3-1: Called Strike 3-2: Foul Ball, location: 2F 3-2: Base on Balls
|
|
Batting: RHB Ryan McBroom
|
0-0: Ball 1-0: Foul Ball, location: 25FF 1-1: Foul Ball, location: 2F 1-2: SINGLE (Flyball, 6MD, EV 89.4 MPH) Ismael Ramírez to second
|
|
Batting: LHB Dan Mitchell
|
0-0: Foul Ball, location: 7LSF 0-1: Foul Ball, location: 2F 0-2: Foul Ball, location: 2F 0-2: Ball 1-2: Strikes out swinging
|
|
Batting: LHB Eric Cox
|
0-0: Ball 1-0: Ball 2-0: Swinging Strike 2-1: Swinging Strike 2-2: Strikes out swinging
|
|
Batting: RHB Bobby Davenport
|
0-0: Ball 1-0: Ball 2-0: Fly out, F6 (Popup, 4MD, EV 68.8 MPH)
|
| Bottom of the 1st over - 0 runs, 1 hit, 0 errors, 2 left on base; Chicago 0 - Tampa Bay 0 |
| TOP OF THE 2ND |
|
Chicago White Sox batting - Pitching for Tampa Bay Rays : RHP Kevin Murray
|
|
Batting: RHB Byron Buxton
|
0-0: Ball 1-0: Ground out 3-1 (Groundball, 34, EV 83.1 MPH)
|
|
Batting: SHB Mike Hurt
|
0-0: Ball 1-0: SINGLE (Line Drive, 7LS, EV 96.9 MPH)
|
|
Batting: RHB Wendell Rijo
|
0-0: Ball 1-0: Ball 2-0: Foul Ball, location: 9LMF 2-1: Swinging Strike 2-2: Ball 3-2: Foul Ball, location: 3FF 3-2: Grounds into double play, 6-4-3 (Groundball, 6M, EV 89.4 MPH)
|
| Top of the 2nd over - 0 runs, 1 hit, 0 errors, 0 left on base; Chicago 0 - Tampa Bay 0 |
| BOTTOM OF THE 2ND |
|
Tampa Bay Rays batting - Pitching for Chicago White Sox : RHP Chris Fletcher
|
|
Batting: RHB Dylan Veeck
|
0-0: Ball 1-0: Ball 2-0: Foul Ball, location: 2F 2-1: Fly out, F8 (Flyball, 8RD, EV 92.5 MPH)
|
|
Batting: RHB Jesús Pacheco
|
0-0: SOLO HOME RUN (Flyball, 89XD, EV 95.6 MPH), Distance : 379 ft
|
|
Batting: RHB Enrico Vázquez
|
0-0: Ball 1-0: Ball 2-0: Ground out 6-3 (Groundball, 6, EV 88.8 MPH)
|
|
Batting: RHB Juan Jose Díaz
|
0-0: Ball 1-0: Ground out 5-3 (Groundball, 5L, EV 103.1 MPH)
|
| Bottom of the 2nd over - 1 run, 1 hit, 0 errors, 0 left on base; Chicago 0 - Tampa Bay 1 |
| TOP OF THE 3RD |
|
Chicago White Sox batting - Pitching for Tampa Bay Rays : RHP Kevin Murray
|
|
Batting: RHB Yeltsin Gudino
|
0-0: Called Strike 0-1: Called Strike 0-2: Ball 1-2: SINGLE (Line Drive, 6D, EV 98.1 MPH)
|
|
Batting: RHB Wes Stevens
|
0-0: Swinging Strike 0-1: Sac Bunt to 13 - play at first, batter OUT! 1-3 Yeltsin Gudino to second
|
|
Batting: RHB Glen Wilkins
|
0-0: Ball 1-0: Ball 2-0: Fly out, F9 (Flyball, 89M, EV 90.0 MPH) Runner from 2nd tags up, SAFE at 3rd with throw by RF
|
|
Batting: LHB Jace Peterson
|
0-0: Called Strike 0-1: Fly out, F9 (Line Drive, 9, EV 98.1 MPH)
|
| Top of the 3rd over - 0 runs, 1 hit, 0 errors, 1 left on base; Chicago 0 - Tampa Bay 1 |
| BOTTOM OF THE 3RD |
|
Tampa Bay Rays batting - Pitching for Chicago White Sox : RHP Chris Fletcher
|
|
Batting: RHB Ismael Ramírez
|
0-0: Ball 1-0: Called Strike 1-1: Fly out, F2 (Popup, 25F, EV 91.3 MPH)
|
|
Batting: RHB Ryan McBroom
|
0-0: Ball 1-0: Ball 2-0: Foul Ball, location: 23FF 2-1: Ball 3-1: Called Strike 3-2: Base on Balls
|
|
Batting: LHB Dan Mitchell
|
Pickoff Throw to First - Out! 1-3 0-0: Ball 1-0: Ball 2-0: Ball 3-0: Base on Balls
|
|
Batting: LHB Eric Cox
|
0-0: Ball 1-0: Ball 2-0: Ball 3-0: Called Strike 3-1: Swinging Strike 3-2: Strikes out looking
|
| Bottom of the 3rd over - 0 runs, 0 hits, 0 errors, 1 left on base; Chicago 0 - Tampa Bay 1 |
| TOP OF THE 4TH |
|
Chicago White Sox batting - Pitching for Tampa Bay Rays : RHP Kevin Murray
|
|
Batting: LHB António García
|
0-0: Fly out, F8 (Flyball, 8LD, EV 108.1 MPH)
|
|
Batting: LHB Ji-man Choi
|
0-0: Swinging Strike 0-1: Swinging Strike 0-2: Strikes out swinging
|
|
Batting: RHB Byron Buxton
|
0-0: Foul Ball, location: 2F 0-1: Ball 1-1: Called Strike 1-2: Foul Ball, location: 25FF 1-2: Ball 2-2: Foul Ball, location: 23F 2-2: SINGLE (Line Drive, 4D, EV 95.0 MPH)
|
|
Batting: SHB Mike Hurt
|
0-0: Ball 1-0: Called Strike 1-1: Fly out, F6 (Popup, 6MS, EV 60.6 MPH)
|
| Top of the 4th over - 0 runs, 1 hit, 0 errors, 1 left on base; Chicago 0 - Tampa Bay 1 |
| BOTTOM OF THE 4TH |
|
Tampa Bay Rays batting - Pitching for Chicago White Sox : RHP Chris Fletcher
|
|
Batting: RHB Bobby Davenport
|
0-0: Fly out, F8 (Line Drive, 8LM, EV 84.4 MPH)
|
|
Batting: RHB Dylan Veeck
|
0-0: Foul Ball, location: 25F 0-1: Ball 1-1: Ground out 5-3 (Groundball, 56, EV 81.3 MPH)
|
|
Batting: RHB Jesús Pacheco
|
0-0: Foul Ball, location: 3F 0-1: Ball 1-1: Called Strike 1-2: Foul Ball, location: 2F 1-2: SINGLE (Flyball, 7LS, EV 94.4 MPH)
|
|
Batting: RHB Enrico Vázquez
|
0-0: Ground out 5-3 (Groundball, 56S, EV 86.9 MPH)
|
| Bottom of the 4th over - 0 runs, 1 hit, 0 errors, 1 left on base; Chicago 0 - Tampa Bay 1 |
| TOP OF THE 5TH |
|
Chicago White Sox batting - Pitching for Tampa Bay Rays : RHP Kevin Murray
|
|
Batting: RHB Wendell Rijo
|
0-0: Ball 1-0: Called Strike 1-1: Ball 2-1: Foul Ball, location: 3F 2-2: Foul Ball, location: 2F 2-2: SINGLE (Line Drive, 78S, EV 91.9 MPH)
|
|
Batting: RHB Yeltsin Gudino
|
0-0: Ball 1-0: Foul Ball, location: 2F 1-1: Sac Bunt to 15S - play at first, batter OUT! 1-3 Wendell Rijo to second
|
|
Batting: RHB Wes Stevens
|
0-0: Ball 1-0: Swinging Strike 1-1: Called Strike 1-2: Ball 2-2: Strikes out looking
|
|
Batting: RHB Glen Wilkins
|
0-0: Ball 1-0: Ball 2-0: Ball 3-0: Called Strike 3-1: Called Strike 3-2: Strikes out looking
|
| Top of the 5th over - 0 runs, 1 hit, 0 errors, 1 left on base; Chicago 0 - Tampa Bay 1 |
| BOTTOM OF THE 5TH |
|
Tampa Bay Rays batting - Pitching for Chicago White Sox : RHP Chris Fletcher
|
|
Batting: RHB Juan Jose Díaz
|
0-0: Called Strike 0-1: DOUBLE (Flyball, 8RXD, EV 105.6 MPH)
|
|
Batting: RHB Ismael Ramírez
|
0-0: Ball 1-0: Foul Ball, location: 2F 1-1: Ball 2-1: Foul Ball, location: 2F 2-2: Foul Ball, location: 9LSF 2-2: Ball 3-2: Base on Balls
|
|
Batting: RHB Ryan McBroom
|
0-0: Ball 1-0: Called Strike 1-1: Ball 2-1: Fly out, F9 (Flyball, 9LM, EV 106.9 MPH)
|
|
Batting: LHB Dan Mitchell
|
0-0: Ground out 6-3 (Groundball, P, EV 83.1 MPH) Juan Jose Díaz to third Ismael Ramírez to second
|
|
Batting: LHB Eric Cox
|
0-0: Ground out 6-3 (Groundball, 6S, EV 71.3 MPH)
|
| Bottom of the 5th over - 0 runs, 1 hit, 0 errors, 2 left on base; Chicago 0 - Tampa Bay 1 |
| TOP OF THE 6TH |
|
Chicago White Sox batting - Pitching for Tampa Bay Rays : RHP Kevin Murray
|
|
Batting: LHB Jace Peterson
|
0-0: SINGLE (Line Drive, 34D, EV 99.4 MPH)
|
|
Batting: LHB António García
|
0-0: Foul Ball, location: 3DF 0-1: Fly out, F8 (Flyball, 8LXD, EV 103.8 MPH)
|
|
Batting: LHB Ji-man Choi
|
0-0: Fly out, F7 (Line Drive, 7S, EV 106.3 MPH)
|
|
Batting: RHB Byron Buxton
|
0-0: Ball 1-0: Foul Ball, location: 23F 1-1: Ball 2-1: Swinging Strike 2-2: Ball 3-2: Foul Ball, location: 9LSF 3-2: Strikes out looking
|
| Top of the 6th over - 0 runs, 1 hit, 0 errors, 1 left on base; Chicago 0 - Tampa Bay 1 |
| BOTTOM OF THE 6TH |
|
Tampa Bay Rays batting - Pitching for Chicago White Sox : RHP Chris Fletcher
|
|
Batting: RHB Bobby Davenport
|
0-0: Called Strike 0-1: Ball 1-1: Called Strike 1-2: Fly out, F8 (Flyball, 89M, EV 81.3 MPH)
|
|
Batting: RHB Dylan Veeck
|
0-0: Foul Ball, location: 23FF 0-1: Foul Ball, location: 7LSF 0-2: Foul Ball, location: 9LMF 0-2: Ground out 5-3 (Groundball, 56S, EV 85.6 MPH)
|
|
Batting: RHB Jesús Pacheco
|
0-0: Foul Ball, location: 2F 0-1: Swinging Strike 0-2: Ball 1-2: Foul Ball, location: 23F 1-2: Ball 2-2: Ball 3-2: Foul Ball, location: 3F 3-2: Foul Ball, location: 7LMF 3-2: Strikes out swinging
|
| Bottom of the 6th over - 0 runs, 0 hits, 0 errors, 0 left on base; Chicago 0 - Tampa Bay 1 |
| TOP OF THE 7TH |
|
Chicago White Sox batting - Pitching for Tampa Bay Rays : RHP Kevin Murray
|
|
Batting: SHB Mike Hurt
|
0-0: Ball 1-0: Foul Ball, location: 2F 1-1: Ball 2-1: Fly out, F6 (Popup, 6, EV 74.4 MPH)
|
|
Batting: RHB Wendell Rijo
|
0-0: SINGLE (Line Drive, 89S, EV 98.8 MPH)
|
|
Pitching: RHP Héctor Saldaña
|
|
|
Batting: RHB Yeltsin Gudino
|
0-0: Ball 1-0: Ball 2-0: Foul Ball, location: 3DF 2-1: Fly out, F8 (Flyball, 89M, EV 89.4 MPH)
|
|
Pinch Hitting: LHB Matt McPhearson
|
0-0: Called Strike 0-1: Ball 1-1: Called Strike 1-2: Ball 2-2: Strikes out swinging
|
| Top of the 7th over - 0 runs, 1 hit, 0 errors, 1 left on base; Chicago 0 - Tampa Bay 1 |
| BOTTOM OF THE 7TH |
|
Tampa Bay Rays batting - Pitching for Chicago White Sox : RHP Chris Fletcher
|
|
Pitching: RHP Pete Keating
|
|
|
Now at SS: Tanzan Ine
|
|
|
Batting: RHB Enrico Vázquez
|
0-0: Swinging Strike 0-1: Swinging Strike 0-2: Ball 1-2: Ball 2-2: Ball 3-2: Foul Ball, location: 7LSF 3-2: SINGLE (Line Drive, 5D, EV 107.5 MPH)
|
|
Batting: RHB Juan Jose Díaz
|
0-0: Ball 1-0: Ball 2-0: Fly out, F8 (Flyball, 8RS, EV 87.5 MPH)
|
|
Batting: RHB Ismael Ramírez
|
0-0: Called Strike 0-1: Foul Ball, location: 9LMF 0-2: Ball Enrico Vázquez steals 2nd base 1-2: Strikes out swinging
|
|
Batting: RHB Ryan McBroom
|
0-0: Foul Ball, location: 5DF 0-1: Foul Ball, location: 9LDF 0-2: Ball 1-2: Ball 2-2: Ball 3-2: Foul Ball, location: 2F 3-2: DOUBLE (Flyball, 8LXD, EV 111.9 MPH) Enrico Vázquez scores
|
|
Batting: LHB Dan Mitchell
|
0-0: Ball 1-0: Foul Ball, location: 2F 1-1: Ball 2-1: Ball 3-1: Called Strike 3-2: Foul Ball, location: 2F 3-2: Strikes out swinging
|
| Bottom of the 7th over - 1 run, 2 hits, 0 errors, 1 left on base; Chicago 0 - Tampa Bay 2 |
| TOP OF THE 8TH |
|
Chicago White Sox batting - Pitching for Tampa Bay Rays : RHP Héctor Saldaña
|
|
Batting: RHB Glen Wilkins
|
0-0: Ball 1-0: Ball 2-0: Ball 3-0: Base on Balls
|
|
Pitching: LHP Cristopher Sanchez
|
|
|
Batting: LHB Jace Peterson
|
0-0: Hit by Pitch Glen Wilkins to second
|
|
Pinch Hitting: RHB Alfredo Martínez
|
0-0: Foul Ball, location: 5DF 0-1: Foul Ball, location: 2F 0-2: Ball 1-2: Ground out 5-3 (Groundball, 56S, EV 62.5 MPH) Glen Wilkins to third Jace Peterson to second
|
|
Pinch Hitting: RHB Joshua Lopez
|
0-0: Ball 1-0: Ball 2-0: Fly out, F5 (Popup, 5SF, EV 76.9 MPH)
|
|
Batting: RHB Byron Buxton
|
0-0: Reached on error, E4 (Groundball, 4, EV 108.1 MPH) Glen Wilkins scores Jace Peterson to third
|
|
Batting: SHB Mike Hurt
|
0-0: Called Strike 0-1: Ball 1-1: Ball 2-1: SINGLE (Line Drive, 9S, EV 106.3 MPH) Jace Peterson scores Byron Buxton to second Runner from 2nd tries for 3rd, SAFE, throw by RF made to third
|
|
Batting: RHB Wendell Rijo
|
0-0: Called Strike 0-1: Called Strike 0-2: Strikes out looking
|
| Top of the 8th over - 2 runs, 1 hit, 1 error, 2 left on base; Chicago 2 - Tampa Bay 2 |
| BOTTOM OF THE 8TH |
|
Tampa Bay Rays batting - Pitching for Chicago White Sox : RHP Pete Keating
|
|
Now at 1B: Joshua Lopez
|
|
|
Now in LF: Alfredo Martínez
|
|
|
Batting: LHB Eric Cox
|
0-0: Fly out, F7 (Flyball, 78M, EV 95.6 MPH)
|
|
Batting: RHB Bobby Davenport
|
0-0: Foul Ball, location: 2F 0-1: Ball 1-1: Ground out 4-3 (Groundball, 4M, EV 78.8 MPH)
|
|
Batting: RHB Dylan Veeck
|
0-0: Called Strike 0-1: Fly out, F8 (Line Drive, 8RXD, EV 93.8 MPH)
|
| Bottom of the 8th over - 0 runs, 0 hits, 0 errors, 0 left on base; Chicago 2 - Tampa Bay 2 |
| TOP OF THE 9TH |
|
Chicago White Sox batting - Pitching for Tampa Bay Rays : LHP Cristopher Sanchez
|
|
Pitching: RHP Joe Montgomery
|
|
|
Batting: RHB Yeltsin Gudino
|
0-0: Ball 1-0: Foul Ball, location: 2F 1-1: SINGLE (Groundball, P, EV 88.8 MPH) (infield hit)
|
|
Batting: RHB Tanzan Ine
|
0-0: Ball Yeltsin Gudino steals 2nd base (no throw) 1-0: Ball 2-0: Fly out, F7 (Flyball, 78S, EV 79.4 MPH)
|
|
Batting: RHB Glen Wilkins
|
0-0: Ball 1-0: Called Strike 1-1: Called Strike 1-2: Single, Error in OF, E9, batter to second base (Line Drive, 9S, EV 100.6 MPH) Yeltsin Gudino scores
|
|
Batting: LHB Jace Peterson
|
0-0: Ball 1-0: Ball 2-0: Called Strike 2-1: Ball 3-1: Called Strike 3-2: Strikes out swinging
|
|
Batting: RHB Alfredo Martínez
|
0-0: Ball 1-0: Fly out, F9 (Flyball, 89M, EV 98.8 MPH)
|
| Top of the 9th over - 1 run, 2 hits, 1 error, 1 left on base; Chicago 3 - Tampa Bay 2 |
| BOTTOM OF THE 9TH |
|
Tampa Bay Rays batting - Pitching for Chicago White Sox : RHP Pete Keating
|
|
Pitching: RHP Steve Peters
|
|
|
Pinch Hitting: LHB Joey Bowen
|
0-0: Ball 1-0: Called Strike 1-1: Foul Ball, location: 3SF 1-2: Ball 2-2: Foul Ball, location: 3FF 2-2: Ball 3-2: Foul Ball, location: 2F 3-2: Fly out, F7 (Flyball, 7, EV 85.0 MPH)
|
|
Batting: RHB Enrico Vázquez
|
0-0: Ball 1-0: Foul Ball, location: 2LF 1-1: Ball 2-1: SINGLE (Line Drive, 89S, EV 104.4 MPH)
|
|
Batting: RHB Juan Jose Díaz
|
0-0: Ball 1-0: Ball 2-0: Ball 3-0: Base on Balls Enrico Vázquez to second
|
|
Batting: RHB Ismael Ramírez
|
0-0: Fly out, F9 (Line Drive, 9S, EV 86.9 MPH)
|
|
Batting: RHB Ryan McBroom
|
0-0: Ball 1-0: Called Strike 1-1: Foul Ball, location: 9LDF 1-2: Fielders Choice at 3rd, U5 (Groundball, 5L, EV 91.9 MPH)
|
| Bottom of the 9th over - 0 runs, 1 hit, 0 errors, 1 left on base; Chicago 3 - Tampa Bay 2 |
|